 Dungeon Crawl Stone Soup version 0.19-a0-706-g03de5d9 (webtiles) character file.

186 mopl the Insei (level 5, 0/41 HPs)
             Began as a Mummy Monk on June 18, 2016.
             Slain by a jackal (2 damage)
             ... on level 2 of the Dungeon on June 19, 2016.
             The game lasted 00:05:34 (4751 turns).

mopl the Insei (Mummy Monk)                         Turns: 4751, Time: 00:05:35

Health: 0/41       AC:  0    Str: 15    XL:     5   Next: 38%
Magic:  5/5        EV: 13    Int:  9    God:
Gold:   124        SH:  0    Dex: 15    Spells: 0 memorised, 4 levels left

rFire  x . .     SeeInvis .       - Unarmed
rCold  + . .     Gourm    .     (no armour)
rNeg   + + +     Faith    .     (no shield)
rPois  ∞         Spirit   .     (no helmet)
rElec  .         Dismiss  .     (no cloak)
rCorr  .         Reflect  .     (no gloves)
SustAt .         Harm     .     (no boots)
MR     .....                    (no amulet)
Stlth  ++........               (no ring)
                                (no ring)

@: not resistant to hostile enchantments, unstealthy
A: no food or potions, fire vulnerability, cold resistance 1, negative energy
resistance 3, torment resistance, unbreathing
a: no special abilities


You were on level 2 of the Dungeon.
You were not hungry.

You visited 1 branch of the dungeon, and saw 3 of its levels.

You collected 124 gold pieces.

Inventory:

Scrolls
 a - a scroll of magic mapping
 b - a scroll of teleportation {unknown}
 c - a scroll of amnesia {unknown}
 d - 2 scrolls of remove curse
 e - 2 scrolls of identify {unknown}
 f - a scroll of enchant weapon {unknown}


   Skills:
 + Level 3.0 Fighting
 + Level 2.4 Dodging
 - Level 1.5 Stealth
 * Level 5.0 Unarmed Combat


You had 4 spell levels left.
You didn't know any spells.

Dungeon Overview and Level Annotations

Branches:
Dungeon (3/15)

Altars:
Nemelex Xobeh
Pakellas
Yredelemnul

Shops:
D:2 }

Annotations:
D:2 Sigmund


Innate Abilities, Weirdness & Mutations

You do not eat or drink.
Your flesh is vulnerable to fire.
You are immune to poison.
Your flesh is cold resistant. (rC+)
You are immune to negative energy. (rN+++)
You are immune to unholy pain and torment.
You can survive without breathing.


Message History

You open the door. The giant cockroach bites you.
* * * LOW HITPOINT WARNING * * *
Found a scroll of remove curse.
There is an open door here.
The jackal barely misses you.
You see here a scroll of remove curse.
You punch the jackal!
You kill the jackal!
You barely miss the jackal. The jackal bites you.
* * * LOW HITPOINT WARNING * * *
The jackal barely misses you.
You hit the jackal but do no damage. The jackal closely misses you.
You closely miss the jackal. The jackal bites you.
* * * LOW HITPOINT WARNING * * *
You closely miss the jackal. The jackal barely misses you. x2
You barely miss the jackal. You punch the jackal, but do no damage.
The jackal bites you.
* * * LOW HITPOINT WARNING * * *
You closely miss the jackal. The jackal bites you.
You die...

###### #.##.##..# #...#
##....#######.##.##..# #...#
......+..).##.##.##..# #...#
#....####.##.##.###.####...#
#....(........#........'...#####
#..%..###.#########..###........
#...............# #...##....####
##...####.#####.# #.#.##....#
#.........# #@# #....##+#.#
#....##########h####.#.# ....
#....# #.....s...#...# #.##.
#....# #.........##..# #.##.#
#....# #.........##..# #.##.#
#.#### #.........###.## #.##.#
#.# ######+######..###.##.# .#.#
#...!.......#.# .#.#
#.###..###..#.#


You could see a jackal and a giant cockroach.

Vanquished Creatures
  Natasha (thrice) (D:2)
  3 adders
  A worm (D:2)
  A dart slug (D:1)
  A giant gecko (D:3)
  An orc (D:3)
  7 giant cockroaches
  7 goblins
  11 hobgoblins
  10 jackals
  8 kobolds
  A quokka (D:2)
  7 bats
  3 giant newts
  7 rats
  A spectral orc (D:2)
72 creatures vanquished.

Notes
Turn   | Place    | Note
--------------------------------------------------------------
     0 | D:1      | mopl the Mummy Monk began the quest for the Orb.
     0 | D:1      | Reached XP level 1. HP: 18/18 MP: 1/1
   466 | D:1      | Reached XP level 2. HP: 24/24 MP: 2/2
   498 | D:1      | Reached skill level 3 in Unarmed Combat
  1411 | D:1      | Reached XP level 3. HP: 5/29 MP: 3/3
  1707 | D:1      | Upgraded the game from 0.19-a0-687-g35db334 to 0.19-a0-706-g03de5d9
  2288 | D:2      | Found an oddly glowing altar of Pakellas.
  2288 | D:2      | Found Pakellas's Prime Provisions.
  2288 | D:2      | Noticed Natasha
  2298 | D:2      | Killed Natasha
  2298 | D:2      | Reached skill level 4 in Unarmed Combat
  2298 | D:2      | Reached XP level 4. HP: 21/35 MP: 4/4
  2520 | D:2      | Noticed Natasha
  2783 | D:2      | Noticed Sigmund
  3762 | D:2      | Killed Natasha
  3762 | D:2      | Reached XP level 5. HP: 21/41 MP: 5/5
  4192 | D:2      | Found a basalt altar of Yredelemnul.
  4309 | D:2      | Noticed Natasha
  4314 | D:2      | Killed Natasha
  4314 | D:2      | Reached skill level 5 in Unarmed Combat
  4657 | D:3      | Found a sparkling altar of Nemelex Xobeh.
  4750 | D:2      | HP: 2/41 [jackal (3)]
  4751 | D:2      | Slain by a jackal

Vault maps used:
D:1:      lightli_arrival_maybe_door_vault, minmay_misc_feat_rows
D:2:      yredelemnul_forgotten_temple_becter, first_bread,
          johnstein_pakellas_shop, uniq_natasha, uniq_sigmund
D:3:      nemelex_altar_shiori

Skill      XL: |  1  2  3  4  5 |
---------------+----------------+-----
Unarmed Combat | 3 4 5 |  5.0
Fighting       | |  3.0
Dodging        | |  2.4
Stealth        | |  1.5

Action                   |  1- 3 |  4- 6 || total
-------------------------+-------+-------++-------
Melee: Unarmed           |   138 |   148 ||   286
       Punch             |     3 |     8 ||    11
  Use: Scroll            |       |     2 ||     2
 Stab: Sleeping          |     3 |     9 ||    12
Dodge: Dodged            |   102 |    89 ||   191
